Map: Ulrena

Players

dTefel (Tefel) - Winner!

  • Race: Zerg Zerg
  • League: Grandmaster

PappiJoe

  • Race: Protoss Protoss
  • League: Grandmaster

Event: Corsair Cup 14

VOD

Have the link to the VOD?

Description

Time

  • Played on: March 21, 2016, 1:06 p.m.
  • Length: 8:50

All games in this series

Show
View Real Time Build Order
Export as new Build Order

dTefel Zerg - Winner!

Build Orders: Hatch First 

Get SALT Encoding   

  12  0:00  Drone  
  13  0:08  Drone  
  14  0:17  Overlord  
  14  0:24  Extractor, Drone  
  15  0:35  Drone x2  
  17  0:53  Hatchery  
  17  0:55  Drone  
  17  1:09  Spawning Pool  
  16  1:11  Drone  
  16  1:15  Extractor  
  16  1:17  Drone  
  17  1:20  Drone  
  18  1:27  Drone  
  19  1:37  Drone  
  20  1:55  Queen  
  22  2:05  Drone x3, Queen  
  27  2:09  Overlord  
  27  2:15  Metabolic Boost  
  27  2:18  Zergling x2  
  28  2:29  Zergling x2  
  29  2:31  Overlord  
  29  2:32  Queen  
  31  2:38  Zergling x4  
  33  2:51  Zergling x4  
  35  2:53  Zergling x2  
  35  3:03  Drone  
  34  3:08  Drone x2  
  34  3:11  Drone x3  
  36  3:14  Drone x3  
  36  3:19  Drone  
  38  3:22  Drone  
  39  3:30  Drone  
  39  3:32  Spore Crawler  
  39  3:33  Drone  
  39  3:53  Drone x2  
  39  3:54  Hatchery  
  39  3:55  Overlord  
  39  4:00  Drone  
  39  4:02  Drone x2  
  40  4:04  Drone x2  
  40  4:06  Drone x2  
  44  4:14  Roach Warren, Drone  
  44  4:16  Extractor, Drone x2  
  45  4:23  Extractor  
  44  4:28  Overlord  
  44  4:31  Extractor, Drone  
  45  4:40  Lair  
  45  4:43  Drone x2  
  45  4:44  Overlord  
  47  4:48  Overlord  
  47  4:50  Drone  
  47  4:55  Queen  
  47  4:57  Overlord  
  49  5:01  Roach x3  
  49  5:06  Roach x2  
  49  5:07  Roach  
  61  5:08  Roach  
  61  5:12  Overlord  
  63  5:17  Zergling x6  
  66  5:25  Overlord  
  66  5:26  Drone x3  
  69  5:28  Drone  
  69  5:33  Drone  
  69  5:34  Queen  
  73  5:37  Drone x3  
  73  5:38  Drone  
  76  5:49  Drone  
  76  5:50  Overlord  
  76  5:54  Extractor  
  76  5:55  Roach x3  
  81  5:59  Roach x2  
  81  6:02  Roach  
  81  6:03  Roach  
  87  6:08  Roach x2  
  87  6:11  Overlord  
  89  6:12  Roach x2  
  89  6:15  Roach  
  89  6:16  Roach  
  89  6:17  Zergling x2  
  98  6:19  Zergling x2  
  98  6:20  Zergling x2  
  98  6:23  Zergling x2  
  101  6:25  Zergling x2  
  101  6:26  Zergling x4  
  101  6:28  Ravager x3  
  101  6:30  Zergling x2  
  101  6:32  Roach  
  110  6:34  Roach  
  112  6:41  Roach  
  112  6:42  Roach  
  112  6:43  Roach  
  112  6:46  Ravager  
  112  6:47  Roach  
  120  6:49  Glial Reconstitution  
  120  6:54  Overlord  
  120  6:58  Overlord  
  120  7:05  Overlord  
  120  7:09  Zergling x2  
  120  7:15  Roach x2  
  124  7:16  Roach x2  
  124  7:17  Roach  
  124  7:18  Roach x2  
  124  7:20  Roach x2  
  136  7:24  Roach  
  136  7:26  Roach  
  122  7:31  Roach  
  122  7:32  Roach x2  
  122  7:35  Roach  
  125  7:37  Roach  
  125  7:40  Roach  
  125  7:41  Roach  
  131  7:44  Roach  
  131  7:45  Zergling x2  
  131  7:47  Zergling x2  
  131  7:49  Roach  
  139  7:51  Roach  
  139  7:56  Roach  
  139  7:57  Roach  
  143  7:58  Roach  
  143  7:59  Zergling x2  
  146  8:08  Roach  
  146  8:12  Roach x2  
  139  8:13  Roach  
  139  8:15  Roach  
  139  8:16  Roach  
  139  8:18  Roach  
  125  8:24  Roach  
  125  8:26  Roach  
  124  8:28  Roach  
  124  8:30  Roach  
  128  8:37  Ravager  
Show
View Real Time Build Order
Export as new Build Order

PappiJoe Protoss 

Build Orders:  

Get SALT Encoding   

  12  0:00  Probe (Chrono Boost)  
  13  0:11  Probe (Chrono Boost)  
  14  0:17  Pylon  
  14  0:22  Probe (Chrono Boost)  
  16  0:35  Probe (Chrono Boost)  
  16  0:37  Gateway  
  16  0:42  Assimilator  
  16  0:46  Probe (Chrono Boost)  
  17  0:56  Probe (Chrono Boost)  
  18  1:01  Gateway  
  18  1:07  Probe (Chrono Boost)  
  19  1:17  Probe (Chrono Boost)  
  20  1:25  Cybernetics Core  
  20  1:28  Probe (Chrono Boost)  
  21  1:38  Pylon  
  21  1:39  Probe (Chrono Boost)  
  22  1:40  Assimilator  
  22  1:54  Probe (Chrono Boost)  
  23  2:01  Adept x2  
  23  2:02  Warp Gate (Chrono Boost)  
  27  2:08  Probe  
  28  2:25  Nexus  
  28  2:31  Mothership Core  
  30  2:42  Pylon  
  30  2:52  Probe  
  30  3:05  Probe  
  29  3:14  Robotics Facility  
  29  3:17  Probe  
  29  3:19  Sentry x2  
  32  3:25  Gateway  
  32  3:29  Probe  
  33  3:34  Gateway  
  33  3:41  Probe  
  33  3:50  Probe  
  34  4:00  Probe  
  34  4:04  Probe  
  34  4:09  Robotics Bay  
  34  4:12  Probe  
  34  4:15  Warp Prism (Chrono Boost)  
  37  4:17  Probe  
  38  4:24  Probe  
  38  4:28  Probe  
  40  4:35  Adept  
  40  4:36  Probe  
  43  4:38  Probe  
  43  4:39  Adept  
  46  4:48  Probe  
  46  4:49  Pylon, Probe  
  46  4:52  Observer (Chrono Boost)  
  49  4:54  Adept  
  49  4:58  Adept  
  53  5:04  Probe, Assimilator  
  53  5:06  Probe, Assimilator  
  54  5:14  Disruptor (Chrono Boost)  
  58  5:16  Probe  
  58  5:20  Forge, Probe  
  60  5:28  Probe  
  60  5:29  Pylon  
  60  5:31  Probe  
  62  5:46  Probe  
  62  5:47  Probe  
  64  5:51  Disruptor (Chrono Boost)  
  64  5:52  Stalker  
  69  5:57  Probe  
  69  5:58  Pylon  
  70  6:07  Probe  
  70  6:09  Probe  
  70  6:13  Protoss Ground Weapons Level 1 (Chrono Boost)  
  70  6:16  Adept x2  
  70  6:17  Stalker x2  
  70  6:18  Twilight Council  
  78  6:21  Pylon  
  78  6:32  Pylon  
  78  6:39  Disruptor (Chrono Boost)  
  81  6:46  Nexus  
  81  6:50  Stalker x2  
  81  6:51  Probe  
  81  6:52  Probe  
  87  7:02  Gateway  
  87  7:06  Disruptor (Chrono Boost)  
  90  7:17  Adept x2  
  94  7:49  Pylon  
  94  7:50  Pylon x2  
  94  7:52  Pylon  
  94  7:53  Pylon  
  93  8:03  Disruptor  
  93  8:04  Pylon  
  93  8:07  Pylon  
  93  8:09  Pylon  
  92  8:19  Adept x3  
  92  8:20  Adept  
  62  8:41  Adept x2  
Tags
 
Add a new tag
Caveats
  • Supply blocks, unpowered buildings, or Contaminate may cause inaccurate times.
  • Supply counts are checked every 10 seconds.